 Dungeon Crawl Stone Soup version 0.30-a0-632-g346586fe48 (webtiles) character file.

Game seed: 16056763186340551257

177 NinjaNoafa the Gusty (level 5, -2/37 HPs)
             Began as a Gnoll Air Elementalist on Jan 13, 2023.
             Slain by Duvessa
             ... wielding a +0 short sword
              (7 damage)
             ... on level 4 of the Dungeon.
             The game lasted 00:06:08 (3356 turns).

NinjaNoafa the Gusty (Gnoll Air Elementalist)       Turns: 3356, Time: 00:06:09

Health: -2/37      AC:  3    Str:  7    XL:     5   Next: 57%
Magic:  0/12       EV: 13    Int: 16    God:
Gold:   197        SH:  0    Dex: 13    Spells: 6/14 levels left

rFire   . . .      SeeInvis .    b - staff of cold
rCold   + . .      Faith    .    (no shield)
rNeg    + + .      Spirit   .    i - +0 robe
rPois   .          Reflect  .    w - +0 helmet
rElec   .          Harm     .    (no cloak)
rCorr   .          Rampage  .    (no gloves)
Will    .....                    (no boots)
Stlth   +++                      (no amulet)
HPRegen 0.26/turn                u - ring of positive energy
MPRegen 0.13/turn                z - ring of positive energy

@: sluggish, slowed, very slow
A: fangs 1, strong nose, distributed training
a: no special abilities


You were on level 4 of the Dungeon.
You visited 1 branch of the dungeon, and saw 4 of its levels.

You collected 197 gold pieces.

Inventory:

Hand Weapons
 a - the +8 hand axe "Mogetuv" {speed, Will+}
   (You found it on level 2 of the Dungeon)

   Will:      It increases your willpower.
Missiles
 v - 5 poisoned darts
Armour
 i - a +0 robe (worn)
 w - a +0 helmet (worn)
Magical Staves
 b - a staff of cold (weapon)
Jewellery
 u - a ring of positive energy (left hand)
 z - a ring of positive energy (right hand)
Wands
 s - a wand of polymorph (4)
Scrolls
 e - a scroll of summoning {unknown}
 j - 5 scrolls of teleportation
 k - a scroll of blinking {unknown}
 n - a scroll of fear {unknown}
 o - a scroll of enchant armour {unknown}
 q - 2 scrolls of enchant weapon
 r - a scroll of magic mapping
 y - a scroll of identify {unknown}
 A - a scroll of poison {unknown}
Potions
 c - a potion of invisibility {unknown}
 d - a potion of magic
 f - 2 potions of attraction {unknown}
 g - a potion of degeneration {unknown}
 h - a potion of might {unknown}
 l - a potion of lignification {unknown}
 m - a potion of haste {unknown}
 p - 2 potions of brilliance
 t - a potion of heal wounds {unknown}
 x - a potion of mutation {unknown}


   Skills:
 + Level 1.6 Fighting
 + Level 1.6 Short Blades
 + Level 1.6 Long Blades
 + Level 1.6 Axes
 + Level 1.6 Maces & Flails
 + Level 1.6 Polearms
 + Level 1.6 Staves
 + Level 1.6 Ranged Weapons
 + Level 1.6 Throwing
 + Level 1.6 Armour
 + Level 4.8 Dodging
 + Level 4.4 Stealth
 + Level 1.6 Shields
 + Level 1.6 Unarmed Combat
 + Level 5.2 Spellcasting
 + Level 2.4 Conjurations
 + Level 1.3 Hexes
 + Level 1.3 Summonings
 + Level 1.3 Necromancy
 + Level 1.3 Translocations
 + Level 1.3 Transmutations
 + Level 1.3 Fire Magic
 + Level 1.3 Ice Magic
 + Level 5.6 Air Magic
 + Level 1.3 Earth Magic
 + Level 1.3 Poison Magic
 + Level 1.8 Invocations
 + Level 1.6 Evocations


You had 6 spell levels left.
You knew the following spells:

 Your Spells              Type           Power      Damage    Failure   Level
a - Shock                 Conj/Air       68%        1d7       2%          1
b - Static Discharge      Conj/Air       34%        2-4/arc   4%          2
c - Swiftness             Air            22%        N/A       4%          3
d - Searing Ray           Conj           24%        2d5       9%          2

Your spell library contained the following spells:

 Spells                   Type           Power      Damage    Failure   Level
 Magic Dart               Conj           48%        1d5       5%          1
 Airstrike                Air            11%        2d(2-18)  16%         4
 Gell's Gravitas          Tloc           8%         N/A       26%         3
 Teleport Other           Tloc           8%         N/A       26%         3
 Fulminant Prism          Conj/Hex       5%         3d7       56%         4
 Dispersal                Tloc           4%         N/A       100%        6


Dungeon Overview and Level Annotations

Branches:
Dungeon (4/15)
 Temple: D:4-7

Altars:
Ru

Shops:
D:2 (   D:3 (

Annotations:
D:4 1 runed translucent door, Crazy Yiuf, Dowan, Duvessa, Eustachio, Natasha


Innate Abilities, Weirdness & Mutations

You have very sharp teeth.
Your uncanny sense of smell can sniff out nearby items.
Your experience applies equally to all skills.


Message History

Dowan shouts!
The searing ray hits Duvessa.
Duvessa is heavily wounded.
Duvessa hits you with a +0 short sword.
The searing ray misses Duvessa.
Dowan points at you and mumbles some strange words.
The puff of flame hits you!
* * * LOW HITPOINT WARNING * * *
Okay, then.
Casting: Searing Ray (safe; 9% risk of failure)
Confirm with . or Enter, or press ? or * to list all spells.
Restarting spell: Searing Ray (safe; 9% risk of failure)
Press: ? - help, Shift-Dir - straight line, f/p - Duvessa
Aim: Duvessa, wielding a +0 short sword and wearing a +0 ring mail (heavily wounded, 82% to hit)
Okay, then.
The searing ray hits Duvessa.
Duvessa is severely wounded.
You finish channelling your searing ray.
Duvessa barely misses you.
Casting: Searing Ray (safe; 9% risk of failure)
Confirm with . or Enter, or press ? or * to list all spells.
Aiming: Searing Ray (safe; 9% risk of failure)
Press: ? - help, Shift-Dir - straight line, f/p - Duvessa
Aim: Duvessa, wielding a +0 short sword and wearing a +0 ring mail (severely wounded, 82% to hit)
The searing ray hits Duvessa.
Duvessa is severely wounded. (Press . to maintain the ray.) Natasha, Servant of Life and Death comes into view.
Duvessa barely misses you.
Dowan mumbles some strange words.
Dowan blinks!
The searing ray hits Duvessa.
Duvessa is almost dead.
Duvessa hits you with a +0 short sword.
* * * LOW HITPOINT WARNING * * *
The searing ray hits Duvessa.
Duvessa is almost dead.
Natasha casts a spell at you.
You feel yourself slow down. Duvessa hits you with a +0 short sword!
You die...

#.##.......# #.......####
#######.#
******#######.####
*,,,,,...........#
*,****##.####.##.# *,* *,*
#.##.# *,* *###.####.##†#
*,* *.......@e##.# *,*
*.##.###...#.# *,*
*,*#.##......#########
*,***,*#.................#
*,,,,,,..###...#########.#
*****,**** #...# **,**
*****,** ##h## **,,,**
*,,,,,,* *#'#* *,,,,,*
*,***,,* *#...#* *∆,,,,*


You could see Duvessa and Natasha.

Vanquished Creatures
  Natasha (twice) (D:4)
  Terence (D:2)
  4 adders
  2 worms
  A dart slug (D:1)
  2 orcs (D:3)
  4 bats
  5 endoplasms
  2 giant cockroaches
  7 goblins
  8 hobgoblins
  A quokka (D:4)
  6 ball pythons
  6 frilled lizards
  3 kobolds
  4 rats
58 creatures vanquished.

Notes
Turn   | Place    | Note
-------+----------+-------------------------------------------
     0 | D:1      | NinjaNoafa the Gnoll Air Elementalist began the quest for
                  | the Orb.
     0 | D:1      | Reached XP level 1. HP: 13/13 MP: 6/6
   277 | D:1      | Reached XP level 2. HP: 20/20 MP: 4/7
   299 | D:1      | Learned a level 2 spell: Static Discharge
   703 | D:2      | Reached skill level 5 in Spellcasting
   703 | D:2      | Reached XP level 3. HP: 25/25 MP: 5/9
   927 | D:2      | Found Gopno's Weapon Boutique.
   934 | D:2      | Reached skill level 1 in Invocations
  1077 | D:2      | Identified the +8 hand axe "Mogetuv" {speed, Will+}
  1081 | D:2      | Found a faded altar of an unknown god.
  1312 | D:2      | Noticed Terence
  1351 | D:2      | Killed Terence
  1352 | D:2      | Reached skill level 1 in Fighting
  1352 | D:2      | Reached skill level 1 in Short Blades
  1352 | D:2      | Reached skill level 1 in Long Blades
  1352 | D:2      | Reached skill level 1 in Axes
  1352 | D:2      | Reached skill level 1 in Maces & Flails
  1352 | D:2      | Reached skill level 1 in Polearms
  1352 | D:2      | Reached skill level 1 in Staves
  1352 | D:2      | Reached skill level 1 in Ranged Weapons
  1352 | D:2      | Reached skill level 1 in Throwing
  1352 | D:2      | Reached skill level 1 in Armour
  1352 | D:2      | Reached skill level 1 in Shields
  1352 | D:2      | Reached skill level 1 in Unarmed Combat
  1352 | D:2      | Reached skill level 1 in Evocations
  1352 | D:2      | Reached XP level 4. HP: 23/32 MP: 1/11
  1889 | D:3      | Learned a level 3 spell: Swiftness
  2050 | D:3      | Reached skill level 1 in Hexes
  2050 | D:3      | Reached skill level 1 in Summonings
  2050 | D:3      | Reached skill level 1 in Necromancy
  2050 | D:3      | Reached skill level 1 in Translocations
  2050 | D:3      | Reached skill level 1 in Transmutations
  2050 | D:3      | Reached skill level 1 in Fire Magic
  2050 | D:3      | Reached skill level 1 in Ice Magic
  2050 | D:3      | Reached skill level 1 in Earth Magic
  2050 | D:3      | Reached skill level 1 in Poison Magic
  2082 | D:3      | Found a sacrificial altar of Ru.
  2668 | D:3      | Found Cusuef's Antique Weapon Emporium.
  2916 | D:4      | Noticed Eustachio
  3013 | D:4      | Noticed Natasha
  3018 | D:4      | Killed Natasha
  3019 | D:4      | Reached XP level 5. HP: 26/37 MP: 6/12
  3063 | D:4      | Found a runed translucent door.
  3064 | D:4      | Noticed Crazy Yiuf
  3191 | D:4      | Learned a level 2 spell: Searing Ray
  3294 | D:4      | Noticed Duvessa
  3294 | D:4      | Noticed Dowan
  3295 | D:4      | Noticed Natasha
  3342 | D:4      | Killed Natasha
  3354 | D:4      | Noticed Natasha
  3356 | D:4      | Slain by Duvessa

Illustrated notes

Levels and vault maps discovered:
D:1:      wander_arrival_chamber, layout_rooms, dreamdust_princess_corridor
D:2:      layout_basic, shapermc_ecumenical_altar_totnotflames, serial_shops,
          shop, kennysheep_generic_room_11, uniq_terence
D:3:      layout_basic, nicolae_overflow_hidden_temple, serial_shops,
          nicolae_diamond_shop, hangedman_decor_points
D:4:      layout_loops_corners, serial_shops, kennysheep_mini_moat,
          uniq_duvessa, uniq_edmund, uniq_eustachio, uniq_crazy_yiuf_cottage,
          uniq_natasha

Skill      XL: |  1  2  3  4 |
---------------+-------------+-----
Conjurations   | 2 |  2.4
Spellcasting   | 5 |  5.2
Invocations    | 1 |  1.8
Fighting       | 1 |  1.6
Short Blades   | 1 |  1.6
Long Blades    | 1 |  1.6
Axes           | 1 |  1.6
Maces & Flails | 1 |  1.6
Polearms       | 1 |  1.6
Staves         | 1 |  1.6
Ranged Weapons | 1 |  1.6
Throwing       | 1 |  1.6
Armour         | 1 |  1.6
Shields        | 1 |  1.6
Unarmed Combat | 1 |  1.6
Evocations     | 1 |  1.6
Hexes          | 1 |  1.3
Summonings     | 1 |  1.3
Necromancy     | 1 |  1.3
Translocations | 1 |  1.3
Transmutations | 1 |  1.3
Fire Magic     | 1 |  1.3
Ice Magic      | 1 |  1.3
Earth Magic    | 1 |  1.3
Poison Magic   | 1 |  1.3
Dodging        | |  4.8
Stealth        | |  4.4
Air Magic      | |  5.6

Action                   |  1- 3 |  4- 6 || total
-------------------------+-------+-------++-------
Melee: Staff             |    11 |     4 ||    15
       Bite              |     2 |       ||     2
       Hand axe          |     5 |     3 ||     8
 Cast: Shock             |    53 |    48 ||   101
       Static Discharge  |     4 |     4 ||     8
       Swiftness         |       |     2 ||     2
       Searing Ray       |       |     4 ||     4
  Use: Scroll            |       |     3 ||     3
       Potion            |       |     1 ||     1
 Stab: Sleeping          |       |     2 ||     2
Armor: Robe              |     3 |     7 ||    10
Dodge: Dodged            |    24 |    25 ||    49

Table legend: (Time is in decaauts)
 A = Elapsed time spent in this place.
 B = Non-inter-level travel time spent in this place.
 C = Inter-level travel time spent in this place.
 D = Time resting spent in this place.
 E = Time spent auto-exploring this place.
 F = Levels seen in this place.
 G = Mean time per level.
                   A        B        C        D        E       F      G
               +--------+--------+--------+--------+--------+-----+--------+
         Total |   3348 |   3262 |     86 |      0 |   2807 |   4 |  837.0 |
       Dungeon |   3348 |   3262 |     86 |      0 |   2807 |   4 |  837.0 |
               +--------+--------+--------+--------+--------+-----+--------+

Top non-repeatable levels by time:
     D:2: 1207 daAuts
     D:3: 947 daAuts
     D:4: 597 daAuts
     D:1: 596 daAuts
